3AAA
AUGUSTA TIMBER HAWKS @ SIOUX FALLS RED PANDAS
09/05/2033
 
TOP OF THE 1ST
Augusta Timber Hawks batting - Pitching for Sioux Falls Red Pandas : RHP Kenny Koehler
Pitching: RHP Kenny Koehler
Batting: RHB Dave Yates 0-0: Called Strike
0-1: SOLO HOME RUN (Flyball, 9LD), Distance : 373 ft
Batting: RHB Krystof Melichar 0-0: Called Strike
0-1: SINGLE (Flyball, 9S)
Batting: LHB Ken Gill 0-0: Called Strike
Krystof Melichar steals 2nd base
0-1: Foul Ball, location: 2F
0-2: Ground out 4-3 (Groundball, 4)
Krystof Melichar to third
Batting: SHB Yun-qi Chien 0-0: Called Strike
0-1: Fly out, F9 (Flyball, 9S)
Runner from 3rd tags up, SCORES, throw made
Batting: RHB Uchino Akahito 0-0: Ball
1-0: Ball
2-0: Foul Ball, location: 2F
2-1: Foul Ball, location: 2F
2-2: Fly out, F7 (Flyball, 78M)
Top of the 1st over - 2 runs, 2 hits, 0 errors, 0 left on base; Augusta 2 - Sioux Falls 0
BOTTOM OF THE 1ST
Sioux Falls Red Pandas batting - Pitching for Augusta Timber Hawks : RHP Won-u Yi
Pitching: RHP Won-u Yi
Batting: SHB Kilipaki Malamapono 0-0: Ground out 1-3 (Groundball, 13S)
Batting: RHB Chad Shafer 0-0: Ball
1-0: Foul Ball, location: 2F
1-1: Foul Ball, location: 2F
1-2: DOUBLE (Flyball, 8RD)
Batting: SHB Scotty Vallee 0-0: Foul Ball, location: 2F
0-1: Swinging Strike
0-2: Ball
1-2: Ball
2-2: Strikes out swinging
Batting: LHB Mark Armstead 0-0: Called Strike
0-1: Called Strike
0-2: Ball
1-2: Strikes out swinging
Bottom of the 1st over - 0 runs, 1 hit, 0 errors, 1 left on base; Augusta 2 - Sioux Falls 0
TOP OF THE 2ND
Augusta Timber Hawks batting - Pitching for Sioux Falls Red Pandas : RHP Kenny Koehler
Batting: LHB Damian Delaney 0-0: Swinging Strike
0-1: Ground out 4-3 (Groundball, 4M)
Batting: LHB Randy Sallah 0-0: Ball
1-0: SINGLE (Flyball, 56D)
Batting: LHB Fa-tang Wang 0-0: Called Strike
0-1: Ball
1-1: Ground out 3-1 (Groundball, 34S)
Randy Sallah to second
Batting: LHB Seung-soo Ch'ae 0-0: Ball
1-0: Ball
2-0: Called Strike
2-1: Foul Ball, location: 2F
2-2: SINGLE (Groundball, 15S) (infield hit)
Randy Sallah to third
Batting: RHB Dave Yates 0-0: Ball
Seung-soo Ch'ae is caught stealing 2nd base
Top of the 2nd over - 0 runs, 2 hits, 0 errors, 1 left on base; Augusta 2 - Sioux Falls 0
BOTTOM OF THE 2ND
Sioux Falls Red Pandas batting - Pitching for Augusta Timber Hawks : RHP Won-u Yi
Batting: RHB Steve Irwin 0-0: Ball
1-0: Called Strike
1-1: Ball
2-1: Foul Ball, location: 2F
2-2: Ball
3-2: Fly out, F2 (Popup, 15S)
Batting: RHB Ricardo Cardenas 0-0: Ball
1-0: Swinging Strike
1-1: Foul Ball, location: 2F
1-2: Ball
2-2: Foul Ball, location: 2F
2-2: Strikes out swinging
Batting: RHB Tony Hernández 0-0: Called Strike
0-1: Foul Ball, location: 2F
0-2: Strikes out swinging
Bottom of the 2nd over - 0 runs, 0 hits, 0 errors, 0 left on base; Augusta 2 - Sioux Falls 0
TOP OF THE 3RD
Augusta Timber Hawks batting - Pitching for Sioux Falls Red Pandas : RHP Kenny Koehler
Batting: RHB Dave Yates 0-0: Foul Ball, location: 2F
0-1: Called Strike
0-2: Ball
1-2: Ball
2-2: Foul Ball, location: 2F
2-2: Strikes out swinging
Batting: RHB Krystof Melichar 0-0: Ball
1-0: Called Strike
1-1: Swinging Strike
1-2: Foul Ball, location: 2F
1-2: Ball
2-2: Ball
3-2: Strikes out swinging
Batting: LHB Ken Gill 0-0: Called Strike
0-1: Ball
1-1: Ball
2-1: Ground out 4-3 (Groundball, 4)
Top of the 3rd over - 0 runs, 0 hits, 0 errors, 0 left on base; Augusta 2 - Sioux Falls 0
BOTTOM OF THE 3RD
Sioux Falls Red Pandas batting - Pitching for Augusta Timber Hawks : RHP Won-u Yi
Batting: RHB Steve Orwig 0-0: Foul Ball, location: 2F
0-1: Foul Ball, location: 2F
0-2: Ball
1-2: Foul Ball, location: 2F
1-2: Strikes out swinging
Batting: SHB Dennis Barraclough 0-0: Called Strike
0-1: Foul Ball, location: 2F
0-2: Fly out, F8 (Flyball, 8LD)
Batting: SHB Kilipaki Malamapono 0-0: Ball
1-0: Fly out, F3 (Line Drive, 34)
Bottom of the 3rd over - 0 runs, 0 hits, 0 errors, 0 left on base; Augusta 2 - Sioux Falls 0
TOP OF THE 4TH
Augusta Timber Hawks batting - Pitching for Sioux Falls Red Pandas : RHP Kenny Koehler
Batting: SHB Yun-qi Chien 0-0: Called Strike
0-1: Called Strike
0-2: Ball
1-2: Ground out 5-3 (Groundball, 5)
Batting: RHB Uchino Akahito 0-0: Ball
1-0: Foul Ball, location: 2F
1-1: Foul Ball, location: 2F
1-2: Ball
2-2: Ball
3-2: Base on Balls
Batting: LHB Damian Delaney 0-0: Foul Ball, location: 2F
0-1: Ball
1-1: Swinging Strike
1-2: Fly out, F9 (Flyball, 9LSF)
Pitching: RHP Paul Addison
Batting: LHB Randy Sallah 0-0: Called Strike
0-1: Foul Ball, location: 2F
0-2: Ball
1-2: Strikes out swinging
Top of the 4th over - 0 runs, 0 hits, 0 errors, 1 left on base; Augusta 2 - Sioux Falls 0
BOTTOM OF THE 4TH
Sioux Falls Red Pandas batting - Pitching for Augusta Timber Hawks : RHP Won-u Yi
Batting: RHB Chad Shafer 0-0: Fly out, F9 (Flyball, 9S)
Batting: SHB Scotty Vallee 0-0: Ball
1-0: Ball
2-0: Foul Ball, location: 2F
2-1: Ball
3-1: Called Strike
3-2: Fly out, F8 (Flyball, 8LM)
Batting: LHB Mark Armstead 0-0: Ball
1-0: Ground out U3 (Groundball, 3)
Bottom of the 4th over - 0 runs, 0 hits, 0 errors, 0 left on base; Augusta 2 - Sioux Falls 0
TOP OF THE 5TH
Augusta Timber Hawks batting - Pitching for Sioux Falls Red Pandas : RHP Paul Addison
Batting: LHB Fa-tang Wang 0-0: Called Strike
0-1: Ball
1-1: Fly out, F9 (Flyball, 9LS)
Batting: LHB Seung-soo Ch'ae 0-0: Foul Ball, location: 2F
0-1: Swinging Strike
0-2: Strikes out swinging
Batting: RHB Dave Yates 0-0: Ball
1-0: Called Strike
1-1: Swinging Strike
1-2: Foul Ball, location: 2F
1-2: Ball
2-2: Strikes out looking
Top of the 5th over - 0 runs, 0 hits, 0 errors, 0 left on base; Augusta 2 - Sioux Falls 0
BOTTOM OF THE 5TH
Sioux Falls Red Pandas batting - Pitching for Augusta Timber Hawks : RHP Won-u Yi
Batting: RHB Steve Irwin 0-0: Called Strike
0-1: SINGLE (Line Drive, 8LS)
Batting: RHB Ricardo Cardenas 0-0: Ball
1-0: Swinging Strike
1-1: Foul Ball, location: 2F
1-2: Foul Ball, location: 2F
1-2: Fly out, F7 (Flyball, 7)
Batting: RHB Tony Hernández 0-0: Ball
1-0: Foul Ball, location: 2F
1-1: Ball
2-1: Swinging Strike
2-2: Reached on error, E2 (Groundball, 2R)
Steve Irwin to third
Batting: RHB Steve Orwig 0-0: Foul Ball, location: 2F
0-1: Called Strike
0-2: Ball
1-2: Ball
2-2: Strikes out swinging
Batting: SHB Dennis Barraclough 0-0: Ball
1-0: Ball
2-0: Foul Ball, location: 2F
2-1: Foul Ball, location: 2F
2-2: Foul Ball, location: 2F
2-2: Ball
3-2: Base on Balls
Batting: SHB Kilipaki Malamapono 0-0: Foul Ball, location: 2F
0-1: Ball
1-1: Foul Ball, location: 2F
1-2: Ball
2-2: Fielders Choice at 2nd, 6-4 (Groundball, 6)
Bottom of the 5th over - 0 runs, 1 hit, 1 error, 3 left on base; Augusta 2 - Sioux Falls 0
TOP OF THE 6TH
Augusta Timber Hawks batting - Pitching for Sioux Falls Red Pandas : RHP Paul Addison
Batting: RHB Krystof Melichar 0-0: Called Strike
0-1: Ground out 5-3 (Groundball, 5)
Batting: LHB Ken Gill 0-0: Ball
1-0: Called Strike
1-1: DOUBLE (Line Drive, 9LM)
Batting: SHB Yun-qi Chien 0-0: Called Strike
0-1: Called Strike
0-2: Ground out 3-1 (Groundball, 34S)
Ken Gill to third
Batting: RHB Uchino Akahito 0-0: Ball
1-0: Ball
2-0: Called Strike
2-1: Foul Ball, location: 2F
2-2: Ball
3-2: Strikes out swinging
Top of the 6th over - 0 runs, 1 hit, 0 errors, 1 left on base; Augusta 2 - Sioux Falls 0
BOTTOM OF THE 6TH
Sioux Falls Red Pandas batting - Pitching for Augusta Timber Hawks : RHP Won-u Yi
Batting: RHB Chad Shafer 0-0: Foul Ball, location: 2F
0-1: Ball
1-1: Called Strike
1-2: Foul Ball, location: 2F
1-2: Ball
2-2: Strikes out swinging
Batting: SHB Scotty Vallee 0-0: Ball
1-0: Ball
2-0: SINGLE (Groundball, 6M) (infield hit)
Batting: LHB Mark Armstead 0-0: Ball
1-0: Swinging Strike
1-1: Swinging Strike
1-2: Ball
2-2: Ball
3-2: Foul Ball, location: 2F
3-2: Foul Ball, location: 2F
3-2: Base on Balls
Scotty Vallee to second
Pitching: LHP Drew Cullen
Batting: RHB Steve Irwin 0-0: Foul Ball, location: 2F
0-1: Foul Ball, location: 2F
0-2: Strikes out swinging
Batting: RHB Ricardo Cardenas 0-0: Swinging Strike
0-1: Fly out, F7 (Flyball, 7)
Bottom of the 6th over - 0 runs, 1 hit, 0 errors, 2 left on base; Augusta 2 - Sioux Falls 0
TOP OF THE 7TH
Augusta Timber Hawks batting - Pitching for Sioux Falls Red Pandas : RHP Paul Addison
Batting: LHB Damian Delaney 0-0: Swinging Strike
0-1: Fly out, F8 (Flyball, 8RD)
Batting: LHB Randy Sallah 0-0: Ball
1-0: Ball
2-0: Fly out, F7 (Flyball, 7)
Batting: LHB Fa-tang Wang 0-0: Called Strike
0-1: Ball
1-1: Ball
2-1: Ground out 5-3 (Groundball, 5)
Top of the 7th over - 0 runs, 0 hits, 0 errors, 0 left on base; Augusta 2 - Sioux Falls 0
BOTTOM OF THE 7TH
Sioux Falls Red Pandas batting - Pitching for Augusta Timber Hawks : LHP Drew Cullen
Batting: RHB Tony Hernández 0-0: Ball
1-0: Foul Ball, location: 2F
1-1: Swinging Strike
1-2: Foul Ball, location: 2F
1-2: Foul Ball, location: 2F
1-2: Fly out, F8 (Flyball, 89D)
Batting: RHB Steve Orwig 0-0: Called Strike
0-1: Ball
1-1: Ball
2-1: Ball
3-1: Base on Balls
Batting: SHB Dennis Barraclough 0-0: Foul Ball, location: 2F
0-1: Ball
1-1: Swinging Strike
1-2: Foul Ball, location: 2F
1-2: Strikes out looking
Batting: SHB Kilipaki Malamapono 0-0: Ball
Steve Orwig is caught stealing 2nd base
Bottom of the 7th over - 0 runs, 0 hits, 0 errors, 0 left on base; Augusta 2 - Sioux Falls 0
TOP OF THE 8TH
Augusta Timber Hawks batting - Pitching for Sioux Falls Red Pandas : RHP Paul Addison
Batting: LHB Seung-soo Ch'ae 0-0: Ball
1-0: Fly out, F4 (Line Drive, 4MD)
Batting: RHB Dave Yates 0-0: Ball
1-0: SINGLE (Groundball, 6MD)
Batting: RHB Krystof Melichar 0-0: Ball
1-0: Fly out, F9 (Flyball, 9LMF)
Batting: LHB Ken Gill 0-0: Called Strike
Dave Yates is caught stealing 2nd base
Top of the 8th over - 0 runs, 1 hit, 0 errors, 0 left on base; Augusta 2 - Sioux Falls 0
BOTTOM OF THE 8TH
Sioux Falls Red Pandas batting - Pitching for Augusta Timber Hawks : LHP Drew Cullen
Batting: SHB Kilipaki Malamapono 0-0: Called Strike
0-1: Ball
1-1: Ball
2-1: Ground out 6-3 (Groundball, 6M)
Batting: RHB Chad Shafer 0-0: Ground out 6-3 (Groundball, 56)
Batting: SHB Scotty Vallee 0-0: Foul Ball, location: 2F
0-1: Ball
1-1: Ball
2-1: Ball
3-1: Foul Ball, location: 2F
3-2: Foul Ball, location: 2F
3-2: Foul Ball, location: 2F
3-2: Foul Ball, location: 2F
3-2: Base on Balls
Batting: LHB Mark Armstead 0-0: Swinging Strike
0-1: Ball
1-1: Fly out, F7 (Flyball, 78D)
Bottom of the 8th over - 0 runs, 0 hits, 0 errors, 1 left on base; Augusta 2 - Sioux Falls 0
TOP OF THE 9TH
Augusta Timber Hawks batting - Pitching for Sioux Falls Red Pandas : RHP Paul Addison
Pitching: LHP Vincent Hall
Batting: LHB Ken Gill 0-0: Ball
1-0: Ball
2-0: Foul Ball, location: 2F
2-1: Foul Ball, location: 2F
2-2: SINGLE (Groundball, 4D)
Batting: SHB Yun-qi Chien 0-0: Called Strike
0-1: Ball
1-1: Called Strike
1-2: Foul Ball, location: 2F
1-2: Fly out, F6 (Line Drive, 6)
Batting: RHB Uchino Akahito 0-0: Ball
1-0: Ground out 5-3 (Groundball, 56S)
Ken Gill to second
Batting: LHB Damian Delaney 0-0: Called Strike
0-1: Ball
1-1: Foul Ball, location: 2F
1-2: Foul Ball, location: 2F
1-2: Ground out 4-3 (Groundball, 34D)
Top of the 9th over - 0 runs, 1 hit, 0 errors, 1 left on base; Augusta 2 - Sioux Falls 0
BOTTOM OF THE 9TH
Sioux Falls Red Pandas batting - Pitching for Augusta Timber Hawks : LHP Drew Cullen
Pitching: RHP José Ledezma
Batting: RHB Steve Irwin 0-0: Called Strike
0-1: Ball
1-1: Ball
2-1: Called Strike
2-2: Ball
3-2: Base on Balls
Batting: RHB Ricardo Cardenas 0-0: Called Strike
0-1: Ball
1-1: Ball
2-1: Swinging Strike
2-2: Foul Ball, location: 2F
2-2: Fly out, F8 (Flyball, 8RXD)
Pinch Hitting: LHB Eddie Flynn 0-0: Called Strike
0-1: Ball
1-1: Ball
2-1: Ball
Wild Pitch!
Steve Irwin to second
3-1: Foul Ball, location: 2F
3-2: Base on Balls
Pinch Hitting: LHB Magali Lenidas 0-0: Ball
1-0: Ball
2-0: Ball
3-0: Base on Balls
Steve Irwin to third
Eddie Flynn to second
Pinch Hitting: RHB Darrell Terwey 0-0: Ball
1-0: Ball
2-0: DOUBLE (Line Drive, 7LM)
Steve Irwin scores
Eddie Flynn scores
Magali Lenidas to third
Batting: SHB Kilipaki Malamapono 0-0: Intentional Walk
Batting: RHB Chad Shafer 0-0: Foul Ball, location: 2F
0-1: Foul Ball, location: 2F
0-2: Ball
1-2: Ball
2-2: Ball
3-2: GRAND SLAM HOME RUN (Line Drive, 7LD), Distance : 402 ft
Saturday, December 22nd, 2018 - OOTP Baseball 18.8 Build 76